 Dungeon Crawl Stone Soup version 0.22.0-1-g6561e4c (webtiles) character file.

24 Gergoth the Firebug (level 3, 19/19 HPs)
             Began as a Gargoyle Fire Elementalist on Aug 12, 2018.
             Quit the game on level 2 of the Dungeon.
             The game lasted 00:01:53 (993 turns).

Gergoth the Firebug (Gargoyle Fire Elementalist)     Turns: 993, Time: 00:01:54

Health: 19/19      AC:  5    Str: 11    XL:     3   Next: 2%
Magic:  1/6        EV: 12    Int: 16    God:
Gold:   68         SH:  0    Dex: 10    Spells: 5/6 levels left

rFire    . . .     SeeInvis .   (no weapon)
rCold    . . .     Gourm    .   (no shield)
rNeg     + . .     Faith    .   a - +0 robe
rPois    ∞         Spirit   .   (no helmet)
rElec    +         Reflect  .   e - scarf {repulsion}
rCorr    .         Harm     .   (no gloves)
MR       .....                  (no boots)
Stlth    ++........             (no amulet)
HPRegen  0.06/turn              (no ring)
MPRegen  0.10/turn              (no ring)

@: very slightly contaminated, repel missiles
A: negative energy resistance 1, electricity resistance, unbreathing,
petrification resistance, rot immunity, AC +3
a: no special abilities


You were on level 2 of the Dungeon.
You were not hungry.

You visited 1 branch of the dungeon, and saw 2 of its levels.

You collected 68 gold pieces.

Inventory:

Armour
 a - a +0 robe (worn)
 e - a scarf of repulsion (worn)
Wands
 i - a wand of disintegration (20)
Scrolls
 f - a scroll of teleportation {unknown}
 g - a scroll of identify {unknown}
Potions
 b - a potion of agility {unknown}
 d - a potion of heal wounds {unknown}
Comestibles
 c - 5 rations
 h - 5 chunks of flesh


   Skills:
 - Level 1.5 Dodging
 - Level 2.1 Stealth
 + Level 2.4 Spellcasting
 + Level 2.0 Conjurations
 + Level 3.4 Fire Magic


You had 5 spell levels left.
You knew the following spells:

 Your Spells              Type           Power        Failure   Level  Hunger
a - Flame Tongue          Conj/Fire      ##...        7%          1    #......

Your spell library contained the following spells:

 Spells                   Type           Power        Failure   Level  Hunger
 Fireball                 Conj/Fire      ##........   88%         5    ######.
 Conjure Flame            Conj/Fire      ##......     21%         3    ###....
 Throw Flame              Conj/Fire      ##....       10%         2    ###....
 Sticky Flame             Conj/Fire      ##......     54%         4    #####..
 Inner Flame              Hex/Fire       #.......     30%         3    ###....


Dungeon Overview and Level Annotations

Branches:
Dungeon (2/15)

Altars:
Ashenzari
Okawaru


Innate Abilities, Weirdness & Mutations

You are resistant to torment.
Your stone body is resilient. (AC +3)
You are immune to poison.
You resist negative energy. (rN+)
You are resistant to electric shocks. (rElec)
You can survive without breathing.
You are immune to petrification.
You are immune to rotting.


Message History

Found a scale mail.
A jackal comes into view.
Found a hunting sling, a dagger and a scroll labeled HUKAUDDUPY.
A jackal is nearby!
A jackal is nearby!
Found 11 gold pieces.
A kobold comes into view. It is wielding a dagger of venom.
Found an iron altar of Okawaru.
Casting: Flame Tongue (safe; 7% risk of failure)
Confirm with . or Enter, or press ? or * to list all spells.
Aiming: Flame Tongue (safe; 7% risk of failure)
Press: ? - help, Shift-Dir - straight line, f - jackal
Aim: a jackal (hasn't noticed you)
The flame tongue hits the jackal.
You kill the jackal!
You have reached level 3!
Your experience leads to an increase in your attributes!
Increase (S)trength, (I)ntelligence, or (D)exterity?
You feel clever.
Are you sure you want to abandon this character and quit the game? (Confirm with "yes".)

#<..# #.........# ##.##
##...(..)## #.#
#.........#
#.######.#.#.#.##
#........#.....########
#..#####.####..........
#........##############
##.##....[.###
#.##.@.......
...K..).†...###
##.###.#.#..)# .. $...#
.?.# ... ...### ..#
#...##.# .# .. #.. . ._
..


You could see a kobold.

Vanquished Creatures
  A dart slug (D:2)
  A leopard gecko (D:2)
  A bat (D:1)
  4 giant cockroaches
  2 goblins (D:1)
  3 hobgoblins
  3 jackals (D:2)
  A kobold (D:2)
  A rat (D:2)
17 creatures vanquished.

Notes
Turn   | Place    | Note
-------+----------+-------------------------------------------
     0 | D:1      | Gergoth the Gargoyle Fire Elementalist began the quest for the Orb.
     0 | D:1      | Reached XP level 1. HP: 10/10 MP: 3/3
   255 | D:1      | Reached XP level 2. HP: 15/15 MP: 1/5
   895 | D:2      | Found a shattered altar of Ashenzari.
   991 | D:2      | Found an iron altar of Okawaru.
   992 | D:2      | Reached XP level 3. HP: 19/19 MP: 1/6
   993 | D:2      | Quit the game

Skill      XL: |  1  2 |
---------------+-------+-----
Conjurations   | 2 |  2.0
Dodging        | |  1.5
Stealth        | |  2.1
Spellcasting   | |  2.4
Fire Magic     | |  3.4

Action                   || total
-------------------------++-------
Melee: Unarmed           ||    21
 Cast: Flame Tongue      ||    29
  Eat: Chunk             ||     1
Armor: Robe              ||     9
Dodge: Dodged            ||    22
